 Dungeon Crawl Stone Soup version 0.28.0 (webtiles) character file.

Game seed: 5618316224504270951

259 browni3141 the Skirmisher (level 5, -1/48 HPs)
             Began as a Minotaur Berserker on Feb 15, 2022.
             Was a Believer of Trog.
             Slain by Robin (4 damage)
             ... on level 2 of the Dungeon.
             The game lasted 00:01:03 (1553 turns).

browni3141 the Skirmisher (Minotaur Berserker)      Turns: 1553, Time: 00:01:04

Health: -1/48      AC:  3    Str: 24    XL:     5   Next: 95%
Magic:  4/4        EV: 12    Int:  4    God:    Trog [**....]
Gold:   91         SH:  0    Dex:  9    Spells: 4/4 levels left

rFire   . . .      SeeInvis .   a - +0 hand axe
rCold   . . .      Faith    .   (no shield)
rNeg    . . .      Spirit   .   b - +0 animal skin
rPois   .          Reflect  .   (helmet restricted)
rElec   .          Harm     .   (no cloak)
rCorr   .          Rampage  .   c - +0 pair of gloves
Will    ++...                   (no boots)
Stlth   +.........              (no amulet)
HPRegen 1.16/turn               (no ring)
MPRegen 0.09/turn               (no ring)

@: strong-willed, on berserk cooldown, regenerating, slowed, very slow
A: horns 2, retaliatory headbutt
a: Renounce Religion, Berserk, Trog's Hand


You were on level 2 of the Dungeon.
You worshipped Trog.
Trog was pleased with you.
You visited 1 branch of the dungeon, and saw 2 of its levels.

You collected 91 gold pieces.

Inventory:

Hand Weapons
 a - a +0 hand axe (weapon)
Armour
 b - a +0 animal skin (worn)
 c - a +0 pair of gloves (worn)
Scrolls
 d - a scroll of holy word
 e - 5 scrolls of identify
 i - a scroll of fog {unknown}
Potions
 f - a potion of curing {unknown}
 g - 3 potions of degeneration {unknown}
 h - a potion of brilliance {unknown}
 j - a potion of ambrosia {unknown}


   Skills:
 + Level 5.1 Fighting
 + Level 5.1 Axes
 + Level 4.2 Armour
 + Level 3.9 Dodging


You had 4 spell levels left.
You didn't know any spells.
Your spell library was empty.

Dungeon Overview and Level Annotations

Branches:
Dungeon (2/15)

Altars:

Annotations:
D:2 Robin


Innate Abilities, Weirdness & Mutations

You have a pair of horns on your head.
You reflexively headbutt those who attack you in melee.


Message History

Robin hits you from afar with a +2 vampiric spear.
Robin draws strength from your wounds!
You feel a strong urge to attack something.
You are no longer berserk.
You are exhausted.
You feel yourself slow down.
Robin hits you from afar with a +2 vampiric spear.
Robin draws strength from your wounds! Robin closely misses you.
You hit Robin. Your headbutt misses Robin.
Robin is moderately wounded.
Robin barely misses you. You furiously retaliate!
You headbutt Robin.
Robin hits you with a +2 vampiric spear.
Robin draws strength from your wounds!
You completely miss Robin.
Robin is heavily wounded.
Robin hits you with a +2 vampiric spear.
* * * LOW HITPOINT WARNING * * *
Robin draws strength from your wounds!
Robin hits you with a +2 vampiric spear.
* * * LOW HITPOINT WARNING * * *
Robin draws strength from your wounds!
You are too injured to fight recklessly!
You barely miss Robin. Robin closely misses you.
You are too injured to fight recklessly!
You barely miss Robin. Robin closely misses you.
Robin hits you with a +2 vampiric spear.
* * * LOW HITPOINT WARNING * * *
Unknown command.
You hit Robin but do no damage.
Robin hits you with a +2 vampiric spear.
* * * LOW HITPOINT WARNING * * *
Unknown command.
You barely miss Robin. You headbutt Robin, but do no damage. Robin misses you.
Robin barely misses you.
Unknown command.
Your skin crawls.
You feel strong-willed.
Robin hits you with a +2 vampiric spear.
You die...

#..........#
#....
#..........####
#..
#..........#..
# ##...........
## #..........#
#. #..........#
#. #..........#
##.
#..........#
#..
#......@.).#
##..
##......g)####
#...
##......).).#
##...
##########.#
##...# #.#
##...## #.#
##...## #.#
##...## #.#
#...##
#.###...#


You could see Robin.

Vanquished Creatures
  Sigmund (D:2)
  Jessica (D:2)
  An adder (D:2)
  A worm (D:2)
  2 dart slugs (D:1)
  3 ball pythons (D:1)
  3 endoplasms (D:1)
  4 giant cockroaches
  9 hobgoblins
  2 jackals (D:1)
  5 quokkas
  7 bats
  3 frilled lizards
  12 goblins
  A kobold (D:1)
  4 rats
59 creatures vanquished.

Notes
Turn   | Place    | Note
-------+----------+-------------------------------------------
     0 | D:1      | browni3141 the Minotaur Berserker began the quest for the
                  | Orb.
     0 | D:1      | Reached XP level 1. HP: 19/19 MP: 0/0
   257 | D:1      | Reached XP level 2. HP: 27/27 MP: 1/1
   631 | D:1      | Reached XP level 3. HP: 32/33 MP: 2/2
   722 | D:1      | Reached ** piety under Trog
  1032 | D:2      | Noticed Sigmund
  1038 | D:2      | Killed Sigmund
  1039 | D:2      | Reached XP level 4. HP: 41/41 MP: 3/3
  1039 | D:2      | Reached XP level 5. HP: 47/47 MP: 4/4
  1397 | D:2      | Found a faded altar of an unknown god.
  1401 | D:2      | Reached skill level 5 in Fighting
  1411 | D:2      | Noticed Jessica
  1419 | D:2      | Reached skill level 5 in Axes
  1420 | D:2      | Killed Jessica
  1525 | D:2      | Noticed Robin
  1551 | D:2      | HP: 1/48 [Robin (5)]
  1553 | D:2      | Slain by Robin

Illustrated notes

Levels and vault maps discovered:
D:1:      eino_arrival_tree_alley, layout_basic
D:2:      layout_rooms, serial_curves, eino_curves_01, eino_curves_01,
          hellmonk_ecumenical_altar_leap_of_faith, uniq_robin,
          uniq_crazy_yiuf_cottage, uniq_sigmund, uniq_jessica

Skill      XL: |  1  2  3  4  5 |
---------------+----------------+-----
Fighting       | 4 5 |  5.1
Axes           | 4 5 |  5.1
Armour         | 3 4 |  4.2
Dodging        | 3 |  3.9

Action                   |  1- 3 |  4- 6 || total
-------------------------+-------+-------++-------
Melee: Hand axe          |    76 |    52 ||   128
       Headbutt          |     8 |     7 ||    15
       Punch             |     1 |       ||     1
Invok: Berserk           |     1 |     1 ||     2
       Trog's Hand       |       |     1 ||     1
  Use: Scroll            |       |     1 ||     1
 Stab: Sleeping          |     1 |       ||     1
Armor: Animal skin       |    24 |     9 ||    33
Dodge: Dodged            |    46 |    43 ||    89
